 Dungeon Sprint DCSS version 0.30-a0-986-g7f2e898f52 (webtiles) character file.

Game seed: 7010689759445039233

1582 fozzywoppz the Grappler (level 8, -23/84 HPs)
             Began as a Troll Fighter on Apr 1, 2023.
             Was a Follower of Jiyva.
             Annihilated by a bog body (28 damage)
             ... in the Dungeon (Sprint VII: "The Pits").
             The game lasted 00:03:35 (523 turns).

fozzywoppz the Grappler (Troll Fighter)              Turns: 523, Time: 00:03:36

Health: -23/84     AC:  4    Str: 25    XL:     8   Next: 60%
Magic:  7/7        EV: 11    Int:  4    God:    Jiyva [*.....]
Gold:   0          SH: 10    Dex: 11    Spells: 7/7 levels left

rFire   . . .      SeeInvis .      - Unarmed
rCold   . . .      Faith    .    b - +0 kite shield
rNeg    . . .      Spirit   .    a - +0 robe
rPois   .          Reflect  .    (helmet restricted)
rElec   .          Rampage  .    (no cloak)
rCorr   .          NoTele   +    (gloves unavailable)
Will    .....                    (boots unavailable)
Stlth   ++                       (no amulet)
HPRegen 1.94/turn                (no ring)
MPRegen 0.35/turn                (no ring)

@: mighty, weakened, hasted, very quick
A: large, unfitting armour, claws 3, regeneration 1, shaggy fur 1, tough skin 1
a: Renounce Religion


You were in the Dungeon.
You worshipped Jiyva.
Jiyva was aware of your devotion.
You visited 1 branch

Inventory:

Armour
 a - a +0 robe (worn)
 b - a +0 kite shield (worn)
 p - a +0 cloak
Jewellery
 m - a +3 ring of dexterity
 n - a +3 ring of protection
Scrolls
 i - a scroll of blinking
 k - 5 scrolls of amnesia
 l - a scroll of summoning
Potions
 d - 8 potions of curing
 e - 11 potions of heal wounds
 f - a potion of haste
 g - 4 potions of magic
 h - 4 potions of berserk rage
 j - 2 potions of invisibility
 o - a potion of mutation


   Skills:
 + Level 6.8 Fighting
 + Level 8.4 Dodging
 - Level 1.3 Stealth
 + Level 9.4 Shields
 + Level 11.6 Unarmed Combat


You had 7 spell levels left.
You didn't know any spells.
Your spell library was empty.

Dungeon Overview and Level Annotations

Branches:
Dungeon (1/1)

Altars:
Ashenzari
Cheibriados
Dithmenos
Elyvilon
Fedhas
Gozag
Hepliaklqana
Kikubaaqudgha
Makhleb
Nemelex Xobeh
Okawaru
Qazlal
Ru
Sif Muna
Trog
Uskayaw
Vehumet
Wu Jian
Xom
Yredelemnul
Zin
The Shining One
Jiyva
Lugonu


Innate Abilities, Weirdness & Mutations

You are too large for most types of armour.
You have claws for hands.
Your natural rate of healing is unusually fast.
You are covered in fur. (AC +1)
You have tough skin. (AC +1)


Message History

You block the komodo dragon's attack.
You closely miss the komodo dragon.
The komodo dragon is almost dead.
The komodo dragon bites you!!
* * * LOW HITPOINT WARNING * * *
Unknown command.
You feel much better. The komodo dragon closely misses you.
The gnoll bouda barks out a call to the hunt!
The gnoll picks up the pace!
You feel very mighty all of a sudden. The komodo dragon bites you.
You barely miss the komodo dragon.
The komodo dragon is almost dead.
The komodo dragon barely misses you.
You closely miss the komodo dragon.
The komodo dragon is almost dead.
The komodo dragon bites you!
You closely miss the komodo dragon.
The komodo dragon is almost dead.
A gnoll bouda opens the door.
You block the komodo dragon's attack.
You mangle the komodo dragon!!
You kill the komodo dragon!
You mangle the bog body!!
The bog body is heavily damaged.
The bog body casts a spell at you. The bolt of cold misses you.
The gnoll bouda gazes fiercely through you!
You feel your attacks grow feeble.
You feel yourself speed up.
The gnoll bouda gazes fiercely through you!
You feel as though you will be weak longer.
The bog body points at you and mumbles some strange words.
The bolt of cold hits you!!
* * * LOW HITPOINT WARNING * * *
You claw the bog body!
The bog body is almost destroyed.
The bog body touches you!
* * * LOW HITPOINT WARNING * * *
The bog body freezes you!!
You die...

############
#_________.#
#_________.#
#_______...###########
##########'##.........
#.?(.')).'.##......#..
##########.##.........
#....@nggg............
#'#####g#####......#..
#.#..#..#..##.........
#.#..'..#))#####'#####
#.#..####))##.......##
#.#..#..#))##.......##
#.#..#..#[[##.......##
#.##'#..#+###...<...##
#.#........##.......##


You could see a bog body, a gnoll bouda and 3 gnolls.

Vanquished Creatures
  A komodo dragon (D)
  4 vampire mosquitoes (D)
  A warg (D)
  A swamp drake (D)
  A black bear (D)
  A wolf (D)
  A phantom (D)
  A necrophage (D)
  3 wights (D)
  2 orc priests (D)
  An iron imp (D)
  A hell rat (D)
  An adder (D)
  A gnoll (D)
  A river rat (D)
  A worm (D)
  An orc (D)
  A bat (D)
  A giant cockroach (D)
  A hobgoblin (D)
  8 jackals (D)
  A frilled lizard (D)
  A rat (D)
36 creatures vanquished.

Vanquished Creatures (others)
  Dissolution (D)
  Gloorx Vloq (D)
  An orb of fire (D)
  3 royal mummies (D)
  A golden dragon (D)
  2 Brimstone Fiends (D)
  An electric golem (D)
  A tentacled monstrosity (D)
  2 Hell Sentinels (D)
  2 Ice Fiends (D)
  3 titans (D)
  11 acid blobs (D)
  A storm dragon (D)
  A shadow dragon (D)
  5 rockslimes (D)
  9 azure jellies (D)
  A draconian knight (D)
  A balrug (D)
  10 quicksilver oozes (D)
  A black draconian (D)
  An apis (D)
  A great orb of eyes (D)
  A death knight (D)
  A soul eater (D)
  A sixfirhy (D)
  A moth of wrath (D)
  2 eyes of devastation (D)
  5 slime creatures (D)
  A large abomination (D)
  2 golden eyes (D)
  A redback (D)
  A swamp worm (shapeshifter) (D)
  3 floating eyes (D)
  4 jellies (D)
83 creatures vanquished.

Grand Total: 119 creatures vanquished

Notes
Turn   | Place    | Note
-------+----------+-------------------------------------------
     0 | D        | fozzywoppz the Troll Fighter began the quest for the Orb.
     0 | D        | Reached XP level 1. HP: 22/22 MP: 0/0
    37 | D        | Found a glowing golden altar of the Shining One.
    37 | D        | Found a glowing silver altar of Zin.
    37 | D        | Found a basalt altar of Yredelemnul.
    37 | D        | Found a shimmering altar of Xom.
    37 | D        | Found an ornate altar of the Wu Jian Council.
    37 | D        | Found a bloodstained altar of Trog.
    37 | D        | Found a shimmering blue altar of Sif Muna.
    37 | D        | Found a sacrificial altar of Ru.
    37 | D        | Found a stormy altar of Qazlal.
    37 | D        | Found an iron altar of Okawaru.
    37 | D        | Found a sparkling altar of Nemelex Xobeh.
    37 | D        | Found a burning altar of Makhleb.
    37 | D        | Found a viscous altar of Jiyva.
    37 | D        | Found a hazy altar of Hepliaklqana.
    37 | D        | Found an opulent altar of Gozag.
    37 | D        | Found a blossoming altar of Fedhas.
    37 | D        | Found a white marble altar of Elyvilon.
    37 | D        | Found a shadowy altar of Dithmenos.
    37 | D        | Found a snail-covered altar of Cheibriados.
    38 | D        | Found a radiant altar of Vehumet.
    38 | D        | Found a corrupted altar of Lugonu.
    41 | D        | Became a worshipper of Jiyva Jeudazox the Shapeless
    43 | D        | Killed a slime creature
    43 | D        | Killed an acid blob
    44 | D        | Found an ancient bone altar of Kikubaaqudgha.
    44 | D        | Found a hide-covered altar of Uskayaw.
    44 | D        | Found a broken altar of Ashenzari.
    44 | D        | Killed an eye of devastation
    44 | D        | Killed a slime creature
    44 | D        | Killed a sixfirhy
    44 | D        | Killed a balrug
    45 | D        | Killed a rockslime
    45 | D        | Killed a great orb of eyes
    46 | D        | Killed a golden eye
    46 | D        | Killed a swamp worm
    46 | D        | Killed an acid blob
    47 | D        | Killed an acid blob
    48 | D        | Killed an Ice Fiend
    48 | D        | Killed an eye of devastation
    49 | D        | Killed a slime creature
    49 | D        | Killed an azure jelly
    50 | D        | Killed a slime creature
    52 | D        | Killed a slime creature
    55 | D        | Killed a royal mummy
    56 | D        | Killed a royal mummy
    57 | D        | Killed a floating eye
    57 | D        | Killed an azure jelly
    59 | D        | Noticed a floating eye
    59 | D        | Killed a rockslime
    64 | D        | Killed a titan
    64 | D        | Killed a death knight
    64 | D        | Killed Dissolution
    64 | D        | Killed a royal mummy
    67 | D        | Killed a Brimstone Fiend
    75 | D        | Killed a floating eye
    80 | D        | Killed a golden eye
    82 | D        | Killed a floating eye
    83 | D        | Reached XP level 2. HP: 31/31 MP: 1/1
    83 | D        | Killed a tentacled monstrosity
   104 | D        | Reached skill level 3 in Unarmed Combat
   104 | D        | Reached XP level 3. HP: 33/39 MP: 2/2
   108 | D        | Killed a rockslime
   111 | D        | Killed a black draconian knight
   118 | D        | Killed a quicksilver ooze
   130 | D        | Killed a golden dragon
   133 | D        | Killed a rockslime
   134 | D        | Killed an azure jelly
   136 | D        | Killed a shadow dragon
   142 | D        | Killed a quicksilver ooze
   146 | D        | Killed a Brimstone Fiend
   148 | D        | Killed an acid blob
   153 | D        | Killed an acid blob
   155 | D        | Killed a quicksilver ooze
   160 | D        | Killed a Hell Sentinel
   165 | D        | Killed a quicksilver ooze
   165 | D        | Killed an azure jelly
   167 | D        | Killed an azure jelly
   167 | D        | Killed an acid blob
   167 | D        | Killed a rockslime
   171 | D        | Killed an azure jelly
   171 | D        | Killed an acid blob
   173 | D        | Killed Gloorx Vloq
   174 | D        | Reached * piety under Jiyva
   175 | D        | Killed an orb of fire
   182 | D        | Killed a titan
   202 | D        | Killed an azure jelly
   204 | D        | Killed a quicksilver ooze
   205 | D        | Killed a large abomination
   206 | D        | Noticed a wight
   206 | D        | Noticed a wight
   207 | D        | Noticed a wolf
   207 | D        | Noticed a wight
   212 | D        | Killed a wight
   213 | D        | Reached skill level 5 in Shields
   213 | D        | Reached XP level 4. HP: 31/48 MP: 3/3
   220 | D        | Killed a quicksilver ooze
   220 | D        | Killed an Ice Fiend
   221 | D        | Noticed a warg
   221 | D        | Killed a quicksilver ooze
   222 | D        | Killed an electric golem
   223 | D        | Killed a wolf
   224 | D        | Reached skill level 5 in Dodging
   224 | D        | Reached skill level 5 in Unarmed Combat
   224 | D        | Reached XP level 5. HP: 48/55 MP: 4/4
   226 | D        | Reached skill level 5 in Fighting
   230 | D        | Reached skill level 6 in Unarmed Combat
   236 | D        | Reached XP level 6. HP: 53/66 MP: 5/5
   240 | D        | Killed a warg
   241 | D        | Reached skill level 7 in Unarmed Combat
   278 | D        | Reached skill level 8 in Unarmed Combat
   278 | D        | Reached XP level 7. HP: 73/74 MP: 6/6
   289 | D        | Killed an acid blob
   295 | D        | Reached skill level 1 in Stealth
   296 | D        | Killed an apis
   296 | D        | Killed an azure jelly
   308 | D        | Killed a black draconian
   309 | D        | Reached skill level 9 in Unarmed Combat
   321 | D        | Noticed a vampire mosquito
   321 | D        | Noticed a vampire mosquito
   321 | D        | Noticed a vampire mosquito
   321 | D        | Noticed a vampire mosquito
   328 | D        | Killed a vampire mosquito
   329 | D        | Reached skill level 10 in Unarmed Combat
   329 | D        | Killed a moth of wrath
   336 | D        | Killed a vampire mosquito
   337 | D        | Reached XP level 8. HP: 45/83 MP: 7/7
   349 | D        | Reached skill level 11 in Unarmed Combat
   360 | D        | Killed a titan
   362 | D        | Killed a quicksilver ooze
   374 | D        | Killed an acid blob
   441 | D        | Killed a soul eater
   449 | D        | Killed a quicksilver ooze
   488 | D        | Noticed a bog body
   488 | D        | Noticed a komodo dragon
   491 | D        | Killed an azure jelly
   494 | D        | Killed a quicksilver ooze
   497 | D        | Killed a Hell Sentinel
   499 | D        | Killed an acid blob
   503 | D        | Killed an acid blob
   508 | D        | Killed a storm dragon
   520 | D        | Killed a komodo dragon
   523 | D        | Annihilated by a bog body

Illustrated notes

Levels and vault maps discovered:
D:        pitsprint [storerooms_1, entrance_room_1, metal_vault_7, armoury_1,
          mini_pit_1, grid_room_1, main_hall_1, silver_pit, the_coven_2,
          the_vestibule_1, steel_vault_1, golden_pit, hallway_of_sentries,
          crystal_vault_5, iron_vault_3, final_vault]

Skill      XL: |  1  2  3  4  5  6  7  8 |
---------------+-------------------------+-----
Shields        | 3 4 5 6 7 8 9 |  9.4
Fighting       | 3 4 5 6 |  6.8
Dodging        | 3 4 5 6 7 8 |  8.4
Unarmed Combat | 3 5 6 8 10 11 | 11.6
Stealth        | 1 |  1.3

Action                     |  1- 3 |  4- 6 |  7- 9 || total
---------------------------+-------+-------+-------++-------
  Melee: Unarmed           |    31 |    44 |    52 ||   127
    Use: Potion            |       |       |     3 ||     3
 Armour: Robe              |    13 |     1 |     5 ||    19
  Dodge: Dodged            |    10 |    13 |    27 ||    50
  Block: Kite shield       |    17 |    17 |    15 ||    49

Table legend: (Time is in decaauts)
 A = Elapsed time spent in this place.
 B = Non-inter-level travel time spent in this place.
 C = Inter-level travel time spent in this place.
 D = Time resting spent in this place.
 E = Time spent auto-exploring this place.
 F = Levels seen in this place.
 G = Mean time per level.
                   A        B        C        D        E       F      G
               +--------+--------+--------+--------+--------+-----+--------+
         Total |    521 |    521 |      0 |     27 |      0 |   1 |  521.0 |
       Dungeon |    521 |    521 |      0 |     27 |      0 |   1 |  521.0 |
               +--------+--------+--------+--------+--------+-----+--------+

Top non-repeatable levels by time:
       D: 521 daAuts
